 Adventure DCSS version bcrawl-1.19-7-g22fd707d3b (webtiles) character file.

Game seed: 3030002621056535870

86 Leeroy the Slasher (level 4, 13/28 HPs)
             Began as a Skeleton Reaver on Nov 16, 2019.
             Was a Follower of Vehumet.
             Quit the game on level 2 of the Dungeon.
             The game lasted 00:05:13 (2259 turns).

Leeroy the Slasher (Skeleton Reaver)                Turns: 2259, Time: 00:05:14

Health: 13/28      AC:  5    Str: 16 (17) XL:     4   Next: 26%
Magic:  5/8        EV: 12    Int: 11 (13) God:    Vehumet [*.....]
Gold:   131        SH:  0    Dex:  8      Spells: 8/9 levels left
                                        Lives:  1   Deaths: 1

rFire    . . .     SeeInvis .   p - -1 short sword (curse)
rCold    + . .     Gourm    .   (no shield)
rNeg     + + +     Faith    .   b - +0 steam dragon scales
rPois    ∞         Spirit   +   (no helmet)
rElec    .         Reflect  .   (no cloak)
rCorr    +         Harm     .   (no gloves)
MR       .....                  (no boots)
Stlth    +.........             (no amulet)
HPRegen  0.09/turn              g - ring of resist corrosion
MPRegen  0.11/turn              (no ring)

@: no status effects
A: no food or potions, cold resistance 1, deterioration 1, negative energy
resistance 3, torment resistance, unbreathing, magic shield, sturdy frame 1,
spell healing
a: Renounce Religion


You were on level 2 of the Dungeon.
You worshipped Vehumet.
Vehumet was aware of your devotion.
You were not hungry.

You visited 1 branch of the dungeon, and saw 3 of its levels.

You collected 131 gold pieces.

Inventory:

Hand Weapons
 a - a +0 long sword
 n - a +0 quarterstaff
 p - a cursed -1 short sword (weapon)
Armour
 b - +0 steam dragon scales (worn)
Jewellery
 d - an uncursed amulet of rage
 g - a ring of resist corrosion (left hand)
 k - a cursed -2 ring of evasion
Scrolls
 c - 2 scrolls of immolation
 e - a scroll of enchant weapon {unknown}
 f - a scroll of blinking
 h - a scroll of teleportation {unknown}
 i - a scroll of amnesia {unknown}
 j - 2 scrolls of remove curse {unknown}
 l - a scroll of identify
 m - a scroll of noise {unknown}
 o - a scroll of magic mapping {unknown}


   Skills:
 - Level 3.0 Fighting
 + Level 7.1 Long Blades
 - Level 3.0 Dodging
 - Level 3.0 Spellcasting


You had 8 spell levels left.
You knew the following spells:

 Your Spells              Type           Power        Failure   Level  Hunger
a - Freeze                Ice            #.....       7%          1    N/A

Your spell library contained the following spells:

 Spells                   Type           Power        Failure   Level  Hunger
 Iskenderun's Battlesphe  Conj/Chrm      #.......     85%         5    N/A

Dungeon Overview and Level Annotations

Branches:
Dungeon (3/12)

Altars:


Innate Abilities, Weirdness & Mutations

You do not eat or drink.
You are immune to poison.
Your flesh is cold resistant. (rC+)
Your body sometimes deteriorates upon taking damage.
You are immune to negative energy. (rN+++)
You are immune to unholy pain and torment.
You can survive without breathing.
When hurt, damage is shared between your health and your magic reserves.
Your movements are slightly less encumbered by armour. (ER -2)
Casting spells heals you.


Message History

Your body deteriorates!
You feel dopey.
You hit the worm.
The worm is almost dead.
The worm bites you!
Your body deteriorates!
You feel dopey.
You are too injured to fight recklessly!
You are too injured to fight recklessly!
You are too injured to fight recklessly!
You are too injured to fight recklessly!
You are too injured to fight recklessly!
You are too injured to fight recklessly!
You are too injured to fight recklessly!
You are too injured to fight recklessly!
You are too injured to fight recklessly!
You are too injured to fight recklessly!
You hit the worm.
You kill the worm!
Vehumet accepts your kill.
Okay, then.
Are you sure you want to abandon this character and quit the game? (Confirm with "yes".)

.... #####.#. ....#.#.
.....^.. ### #..... #.#
#.############ ####..
####.# #............#
#.....
.....####.##########'##
#.###>
...........#....@!....#
# #.
.....####..#..........#
#. .....#
#..#..........# #.
...[.# #..#..........#
#. ####.#
#..#########+## #.
.....# #..# #.
#########..# #.
...#.......# #######.
#.##.#####......
........


There were no monsters in sight!

Vanquished Creatures
  An orc priest (D:3)
  A worker ant (D:3)
  An adder (D:3)
  An adder skeleton (D:3)
  4 worms
  3 dart slugs
  2 leopard geckos (D:3)
  3 orcs (D:3)
  A ball python (D:2)
  6 bats
  3 giant cockroaches
  4 goblins
  6 hobgoblins
  12 jackals
  2 kobolds
  3 frilled lizards (D:1)
  7 rats
60 creatures vanquished.

Notes
Turn   | Place    | Note
-------+----------+-------------------------------------------
     0 | D:1      | Leeroy the Skeleton Reaver began the quest for the Orb.
     0 | D:1      | Reached XP level 1. HP: 14/14 MP: 4/4
    45 | D:1      | Reached skill level 4 in Long Blades
    61 | D:1      | Reached XP level 2. HP: 7/19 MP: 4/6
   810 | D:1      | Reached skill level 5 in Long Blades
   988 | D:2      | Reached XP level 3. HP: 23/23 MP: 7/7
  1018 | D:2      | Reached * piety under Vehumet
  1018 | D:2      | Offered knowledge of Freeze by Vehumet.
  1021 | D:2      | Learned a level 1 spell: Freeze
  1278 | D:3      | Reached skill level 6 in Long Blades
  1278 | D:3      | Reached XP level 4. HP: 20/28 MP: 6/8
  1885 | D:3      | Killed from afar by an orc priest
  1886 | D:3      | Reached XP level 3. HP: -5/23 MP: 0/7
  1932 | D:2      | Reached XP level 4. HP: 28/28 MP: 8/8
  1946 | D:2      | Reached skill level 7 in Long Blades
  2259 | D:2      | Quit the game

Skill      XL: |  1  2  3  4 |
---------------+-------------+-----
Long Blades    | 4 5 6 7 |  7.1
Fighting       | |  3.0
Dodging        | |  3.0
Spellcasting   | |  3.0

Action                   |  1- 3 |  4- 6 || total
-------------------------+-------+-------++-------
Melee: Long sword        |   177 |    92 ||   269
       Short sword       |       |    23 ||    23
  Use: Scroll            |       |     4 ||     4
Armor: Steam dragon scal |    73 |    25 ||    98
Dodge: Dodged            |   131 |    65 ||   196
Block: Other             |     1 |       ||     1
